 Dungeon Crawl Stone Soup version 0.27-a0-887-gcab673c142 (webtiles) character file.

Game seed: 2528160592019255853

53 mhtbhm the Covered (level 3, -1/33 HPs)
             Began as a Minotaur Fighter on Apr 3, 2021.
             Slain by a goblin
             ... wielding a +2 dagger of flaming
             ... led by Robin
              (3 damage)
             ... on level 2 of the Dungeon.
             The game lasted 00:01:06 (1141 turns).

mhtbhm the Covered (Minotaur Fighter)               Turns: 1141, Time: 00:01:07

Health: -1/33      AC:  8    Str: 27    XL:     3   Next: 62%
Magic:  2/2        EV:  5    Int:  5    God:
Gold:   136        SH: 10    Dex:  9    Spells: 2/2 levels left

rFire    . . .     SeeInvis .   a - +0 war axe
rCold    . . .     Faith    .   c - +0 kite shield
rNeg     . . .     Spirit   .   b - +0 scale mail
rPois    .         Reflect  .   (helmet restricted)
rElec    .         Harm     .   (no cloak)
rCorr    .         Rampage  .   i - +0 pair of gloves
Will     .....                  (no boots)
Stlth    ..........             (no amulet)
HPRegen  0.11/turn              j - +6 ring of strength
MPRegen  0.08/turn              (no ring)

@: mighty, constricted
A: horns 2, retaliatory headbutt
a: no special abilities


You were on level 2 of the Dungeon.
You visited 1 branch of the dungeon, and saw 2 of its levels.

You collected 136 gold pieces.

Inventory:

Hand Weapons
 a - a +0 war axe (weapon)
Armour
 b - a +0 scale mail (worn)
 c - a +0 kite shield (worn)
 i - a +0 pair of gloves (worn)
Jewellery
 j - a +6 ring of strength (left hand)
Scrolls
 e - a scroll of teleportation {unknown}
 f - a scroll of enchant weapon {unknown}
 g - a scroll of fog {unknown}
 h - a scroll of torment
Potions
 d - a potion of might


   Skills:
 + Level 4.1 Fighting
 + Level 3.4 Axes
 + Level 4.1 Armour
 + Level 0.3 Dodging
 + Level 4.1 Shields


You had 2 spell levels left.
You didn't know any spells.
Your spell library was empty.

Dungeon Overview and Level Annotations

Branches:
Dungeon (2/15)

Altars:
Ashenzari
Xom

Annotations:
D:2 Robin


Innate Abilities, Weirdness & Mutations

You have a pair of horns on your head.
You reflexively headbutt those who attack you in melee.


Message History

You slash the goblin!
You kill the goblin!
You closely miss the goblin. You block the goblin's attack.
The goblin hits you with a +3 dagger.
You hit the goblin.
You kill the goblin!
You hit the goblin.
You kill the goblin!
You barely miss the goblin. The goblin hits you but does no damage.
You block the goblin's attack. x2
You slash the goblin!
You kill the goblin!
You hit the goblin but do no damage. You completely miss the goblin.
Robin throws the goblin at you! The goblin hits you but does no damage.
You block the goblin's attack. The goblin hits you with a +3 dagger.
The goblin unwields a +0 hunting sling.
The goblin wields a +0 club.
You block the goblin's attack.
You closely miss the goblin. You headbutt the goblin.
You kill the goblin!
You hit the goblin. You closely miss the goblin. You barely miss the goblin.
A goblin comes into view. It is wielding a +0 club.
You block the goblin's attack. x2; The goblin hits you with a +3 dagger.
The ball python barely misses you. The ball python grabs you.
The ball python constricts you. The goblin hits you with a +0 dagger.
The goblin hits you with a +2 dagger of flaming.
* * * LOW HITPOINT WARNING * * *
The goblin burns you.
* * * LOW HITPOINT WARNING * * *
The goblin barely misses you.
You are too injured to fight recklessly!
You are too injured to fight recklessly!
Unknown command.
You feel very mighty all of a sudden.
The ball python bites you but does no damage.
The ball python constricts you. The goblin hits you with a +0 dagger.
* * * LOW HITPOINT WARNING * * *
The goblin hits you with a +2 dagger of flaming.
* * * LOW HITPOINT WARNING * * *
The goblin burns you.
You die...

. ## .. #.
..g . . .. .#
..[#.####.#
.....gSg..#.#
.....gg@g...#
.....########
###


You could see Robin, 5 goblins and a ball python.

Vanquished Creatures
  3 bats (D:1)
  2 endoplasms (D:1)
  A giant cockroach (D:1)
  11 goblins
  5 hobgoblins
  9 jackals
  A quokka (D:1)
  2 ball pythons (D:1)
  2 frilled lizards (D:1)
  4 kobolds (D:1)
  6 rats (D:1)
46 creatures vanquished.

Notes
Turn   | Place    | Note
-------+----------+-------------------------------------------
     0 | D:1      | mhtbhm the Minotaur Fighter began the quest for the Orb.
     0 | D:1      | Reached XP level 1. HP: 19/19 MP: 0/0
    94 | D:1      | Reached XP level 2. HP: 9/27 MP: 1/1
   559 | D:1      | Reached XP level 3. HP: 27/33 MP: 2/2
   598 | D:1      | Found a shimmering altar of Xom.
  1120 | D:2      | Found a broken altar of Ashenzari.
  1133 | D:2      | Noticed Robin
  1141 | D:2      | Slain by a goblin

Illustrated notes

Levels and vault maps discovered:
D:1:      dpeg_arrival_connections, layout_rooms, minmay_hexomino_r4
D:2:      layout_loops_ring, basic_altar, kennysheep_generic_room_9, uniq_robin

Skill      XL: |  1  2  3 |
---------------+----------+-----
Armour         | 4 |  4.1
Fighting       | 4 |  4.1
Axes           | 3 |  3.4
Shields        | 4 |  4.1
Dodging        | |  0.3

Action                   || total
-------------------------++-------
Melee: War axe           ||    79
       Headbutt          ||    11
  Use: Scroll            ||     1
       Potion            ||     1
Armor: Scale mail        ||    46
Dodge: Dodged            ||    25
Block: Kite shield       ||    41

Table legend: (Time is in decaauts)
 A = Elapsed time spent in this place.
 B = Non-inter-level travel time spent in this place.
 C = Inter-level travel time spent in this place.
 D = Time resting spent in this place.
 E = Time spent auto-exploring this place.
 F = Levels seen in this place.
 G = Mean time per level.
                   A        B        C        D        E       F      G
               +--------+--------+--------+--------+--------+-----+--------+
         Total |   1187 |   1187 |      0 |    366 |    574 |   2 |  593.5 |
       Dungeon |   1187 |   1187 |      0 |    366 |    574 |   2 |  593.5 |
               +--------+--------+--------+--------+--------+-----+--------+

Top non-repeatable levels by time:
     D:1: 969 daAuts
     D:2: 217 daAuts
